cohdb
Replays
Latest Replays
All Replays
Popular Replays
Top Player Replays
Match Explorer
How It Works
Community
CoH3 Stats
Reddit
Sign in to upload your games and track your stats! →
Sign in with Steam
Match 46124753
Unlisted
Match 46124753
Overview
Messages
Build Orders
End
Scout Squad
Construct Barracks
Riflemen Squad
1⁄4-ton 4x4 Truck
Riflemen Squad
Riflemen Squad
Infantry Support Center
Construct Medical Station
Construct Motor Pool
M8 Greyhound Armored Car
Grenade Package
Engineer Squad
M1918 Browning Automatic Rifles
Construct Tank Depot
M1 Anti-tank Gun Team
M4(105) Sherman Bulldozer
oziligath
Rukoso
0
0
Comments
sign in to comment!
No comments posted yet!